 Dungeon Crawl Stone Soup version 0.28.0-45-g0d030f2227 (webtiles) character file.

Game seed: 10535284851371852440

1993 Antichthon the Cudgeller (level 9, -2/81 HPs)
             Began as a Naga Warper on Apr 10, 2022.
             Was an Initiate of Cheibriados.
             Slain by an orc warrior
             ... wielding a +0 glaive
              (14 damage)
             ... on level 8 of the Dungeon.
             The game lasted 00:29:36 (10213 turns).

Antichthon the Cudgeller (Naga Warper)             Turns: 10213, Time: 00:29:38

Health: -2/81      AC:  8    Str: 13    XL:     9   Next: 21%
Magic:  9/9        EV: 11    Int: 14    God:    Cheibriados [......]
Gold:   268        SH: 10    Dex: 22    Spells: 10/12 levels left

rFire   . . .      SeeInvis +   a - +0 mace (holy)
rCold   . . .      Faith    .   h - +0 kite shield
rNeg    . . .      Spirit   .   b - +0 steam dragon scales
rPois   +          Reflect  .   g - +0 helmet
rElec   +          Harm     .   (no cloak)
rCorr   .          Rampage  .   j - +0 pair of gloves
Will    +....      Rage     1%  (no barding)
Stlth   ++........              s - amulet of the acrobat
HPRegen 0.23/turn               t - +6 ring of dexterity
MPRegen 0.11/turn               (no ring)

@: short of breath, very slow
A: AC +3, large, see invisible, deformed body, poison resistance, slowness 2,
spit poison 1, naga tail 1, berserk 1, low MP 2, electricity resistance, weak 1
a: Spit Poison, Renounce Religion


You were on level 8 of the Dungeon.
You worshipped Cheibriados.
Cheibriados was noncommittal.
You visited 2 branches of the dungeon, and saw 9 of its levels.

You collected 366 gold pieces.
You spent 98 gold pieces at shops.

Inventory:

Hand Weapons
 a - a +0 mace of holy wrath (weapon)
 x - a +0 flail
Missiles
 d - 2 boomerangs of dispersal (quivered)
 i - 47 sling bullets
Armour
 b - +0 steam dragon scales (worn)
 g - a +0 helmet (worn)
 h - a +0 kite shield (worn)
 j - a +0 pair of gloves (worn)
Jewellery
 l - a ring of ice
 s - an amulet of the acrobat (around neck)
 t - a +6 ring of dexterity (left hand)
Wands
 p - a wand of paralysis (6)
Scrolls
 c - a scroll of blinking
 e - 6 scrolls of teleportation
 k - 2 scrolls of enchant weapon
 m - a scroll of brand weapon
 n - a scroll of enchant armour
 y - a scroll of amnesia {unknown}
 z - a scroll of silence {unknown}
 A - a scroll of vulnerability {unknown}
Potions
 f - 2 potions of lignification
 o - 3 potions of curing
 q - a potion of ambrosia {unknown}
 u - a potion of might {unknown}
 v - a potion of magic {unknown}


   Skills:
 + Level 5.3 Fighting
 + Level 7.4 Maces & Flails
 - Level 0.8 Throwing
 + Level 4.0 Armour
 + Level 4.4 Dodging
 + Level 2.6 Shields
 - Level 2.0 Spellcasting
 - Level 3.0 Translocations


You had 10 spell levels left.
You knew the following spells:

 Your Spells              Type           Power      Damage    Failure   Level
a - Blink                 Tloc           18%        N/A       26%         2

Your spell library contained the following spells:

 Spells                   Type           Power      Damage    Failure   Level
 Gell's Gravitas          Tloc           9%         N/A       45%         3
 Lesser Beckoning         Tloc           9%         N/A       45%         3
 Teleport Other           Tloc           9%         N/A       45%         3
 Ozocubu's Armour         Ice            1%         N/A       86%         3
 Manifold Assault         Tloc           9%         N/A       99%         5
 Fireball                 Conj/Fire      0%         3d3       100%        5
 Iskenderun's Battlesphe  Conj           1%         2d6       100%        5
 Conjure Ball Lightning   Conj/Air       0%         3x3d6     100%        6
 Orb of Destruction       Conj           0%         9d5       100%        7
 Ozocubu's Refrigeration  Ice            0%         4d5       100%        7


Dungeon Overview and Level Annotations

Branches:
Dungeon (8/15)             Temple (1/1) D:6
   Lair: D:8-11

Altars:
Cheibriados
Hepliaklqana
Nemelex Xobeh
Okawaru
Ru
Trog
Vehumet
Yredelemnul
Zin
Lugonu

Shops:
D:3 *

Annotations:
D:6 1 runed translucent door, Crazy Yiuf
D:7 1 transporter, Joseph


Innate Abilities, Weirdness & Mutations

Your serpentine skin is tough. (AC +3)
You have supernaturally acute eyesight. (SInv)
Armour fits poorly on your strangely shaped body.
Your system is resistant to poisons. (rPois)
You cover ground very slowly.
You can spit poison.
You have a snake-like lower body.
You tend to lose your temper in combat.
Your magical capacity is very low. (-20% MP)
You are resistant to electric shocks. (rElec)
You are weak. (Str -2)


Message History

Aiming: Spit Poison (1% risk of failure)
Press: ? - help, Shift-Dir - straight line, f/p - orc warrior
Aim: an orc warrior, wielding a +0 glaive and wearing a +0 plate armour (heavily wounded, 64% to hit)
The splash of poison hits the orc warrior but does no damage.
The orc warrior is heavily wounded.
The orc warrior hits you with a +0 glaive!
* * * LOW HITPOINT WARNING * * *
You feel much better. The orc warrior closely misses you.
Unknown command.
You completely miss the orc warrior.
The orc warrior is heavily wounded.
You block the orc warrior's attack.
You barely miss the orc warrior.
The orc warrior is heavily wounded.
The orc warrior closely misses you.
You thump the orc warrior!
The orc warrior is almost dead.
The orc warrior hits you with a +0 glaive!
* * * LOW HITPOINT WARNING * * *
You can't do that yet.
Throw: 3 boomerangs (disperse)
Press: ? - help, Q - select action, (/) - cycle Shift-Dir - straight line, f/p - orc warrior
Aim: an orc warrior, wielding a +0 glaive and wearing a +0 plate armour (almost dead, 65% to hit)
You throw a boomerang of dispersal.
The boomerang of dispersal hits the orc warrior but does no damage.
The orc warrior is almost dead.
You block the orc warrior's attack.
The orc warrior hits you with a +0 glaive.
* * * LOW HITPOINT WARNING * * *
You hit the orc warrior but do no damage.
The orc warrior is almost dead.
You have got your breath back.
You block the orc warrior's attack.
Aiming: Spit Poison (1% risk of failure)
Press: ? - help, Shift-Dir - straight line, f/p - orc warrior
Aim: an orc warrior, wielding a +0 glaive and wearing a +0 plate armour (almost dead, 64% to hit)
The splash of poison hits the orc warrior but does no damage.
The orc warrior is almost dead.
The orc warrior hits you with a +0 glaive!
You die...

### ## ##.##
.. ##.#@##
.. #.#o#.##
..###
#.#S#.#.##
....##
#.#.Z##.#.##
.....##
##.#.
##.#.##
......##
##.# ##.#.##
.(...#.##
##. ##.#.##
###.#.#.##
##.#.##
#.##.#.##
##.#.#


You could see an orc warrior, a water moccasin and a centaur zombie.

Vanquished Creatures
  A hornet (D:8)
  A steam dragon (D:4)
  Duvessa (D:5)
  An ice beast (D:6)
  A sky beast (D:5)
  A black bear (D:5)
  2 centaurs
  3 ogres
  A phantom (D:6)
  2 scorpions
  Dowan (D:5)
  3 jellies
  A bullfrog zombie (D:6)
  A hound (D:5)
  An orc priest (D:7)
  2 centaur skeletons
  4 iguanas
  An orc wizard (D:5)
  A howler monkey zombie (D:8)
  4 gnolls
  10 adders
  A shadow imp (D:8)
  An adder skeleton (D:4)
  2 worms
  2 dart slugs
  14 orcs
  13 ball pythons
  9 endoplasms
  5 giant cockroaches
  4 goblins
  5 hobgoblins
  10 jackals
  3 quokkas
  8 bats
  3 frilled lizards
  11 kobolds
  3 rats
137 creatures vanquished.

Notes
Turn   | Place    | Note
-------+----------+-------------------------------------------
     0 | D:1      | Antichthon the Naga Warper began the quest for the Orb.
     0 | D:1      | Reached XP level 1. HP: 19/19 MP: 3/3
    12 | D:1      | Reached skill level 1 in Armour
   134 | D:1      | Reached XP level 2. HP: 9/26 MP: 5/5
   862 | D:1      | Reached XP level 3. HP: 33/33 MP: 6/6
  1857 | D:1      | Found a faded altar of an unknown god.
  2420 | D:2      | Reached XP level 4. HP: 36/40 MP: 7/7
  3027 | D:3      | Found Fuinga's General Store.
  3046 | D:3      | Bought a potion of heal wounds for 70 gold pieces
  3046 | D:3      | Bought a scroll of identify for 28 gold pieces
  3149 | D:3      | Reached skill level 3 in Maces & Flails
  3393 | D:3      | Noticed a scorpion
  3401 | D:3      | Killed a scorpion
  3402 | D:3      | Reached XP level 5. HP: 39/49 MP: 8/8
  4684 | D:4      | Reached skill level 4 in Maces & Flails
  4684 | D:4      | Reached XP level 6. HP: 53/56 MP: 9/9
  4891 | D:4      | Found an iron altar of Okawaru.
  5254 | D:4      | Reached skill level 1 in Shields
  5582 | D:4      | Gained mutation: You sometimes lose the ability to read
                  | scrolls when taking damage. [potion of mutation]
  5582 | D:4      | Gained mutation: You are clumsy. (Dex -2) [potion of
                  | mutation]
  5630 | D:4      | Reached XP level 7. HP: 59/62 MP: 10/10
  5761 | D:4      | Found a bloodstained altar of Trog.
  5843 | D:5      | Entered Level 5 of the Dungeon
  6372 | D:5      | Reached skill level 5 in Maces & Flails
  6825 | D:5      | Noticed a steam dragon
  6826 | D:5      | Noticed Duvessa
  6830 | D:5      | Noticed Dowan
  6837 | D:4      | Killed a steam dragon
  6854 | D:4      | Learned a level 2 spell: Blink
  7027 | D:4      | Reached XP level 8. HP: 32/72 MP: 7/11
  7265 | D:5      | Found a basalt altar of Yredelemnul.
  7472 | D:5      | Killed Duvessa
  7484 | D:5      | Killed Dowan
  7682 | D:5      | Lost mutation: You sometimes lose the ability to read
                  | scrolls when taking damage. [potion of mutation]
  7682 | D:5      | Lost mutation: You are clumsy. (Dex -2) [potion of
                  | mutation]
  7682 | D:5      | Gained mutation: You have a pair of small horns on your
                  | head. [potion of mutation]
  7682 | D:5      | Gained mutation: Your spells are a little harder to cast,
                  | but a little more powerful. [potion of mutation]
  7683 | D:5      | Lost mutation: You have a pair of small horns on your head.
                  | [potion of mutation]
  7683 | D:5      | Lost mutation: Your spells are a little harder to cast, but
                  | a little more powerful. [potion of mutation]
  7683 | D:5      | Gained mutation: You are partially covered in large bone
                  | plates. (SH +4) [potion of mutation]
  7683 | D:5      | Gained mutation: You have hidden genetic defects. [potion
                  | of mutation]
  7683 | D:5      | Gained mutation: Your magical capacity is low. (-10% MP)
                  | [potion of mutation]
  7683 | D:5      | Gained mutation: You are partially covered in iridescent
                  | scales. (AC +2) [potion of mutation]
  7754 | D:5      | Reached skill level 6 in Maces & Flails
  7998 | D:6      | Gained mutation: Your magical capacity is very low. (-20%
                  | MP) [hidden defects]
  8299 | D:6      | Found a runed translucent door.
  8300 | D:6      | Noticed Crazy Yiuf
  8474 | D:6      | Found a staircase to the Ecumenical Temple.
  8483 | Temple   | Entered the Ecumenical Temple
  8492 | Temple   | Became a worshipper of Cheibriados the Contemplative
  8581 | D:6      | Reached skill level 5 in Fighting
  8837 | D:6      | Gained mutation: You are weak. (Str -2) [hidden defects]
  8837 | D:6      | Lost mutation: You have hidden genetic defects. [hidden
                  | defects expressed]
  8937 | D:6      | Reached skill level 7 in Maces & Flails
  8937 | D:6      | Reached XP level 9. HP: 37/81 MP: 9/9
  9135 | D:6      | Found a sparkling altar of Nemelex Xobeh.
  9235 | D:6      | Lost mutation: You are partially covered in iridescent
                  | scales. (AC +2) [potion of mutation]
  9235 | D:6      | Lost mutation: You are partially covered in large bone
                  | plates. (SH +4) [potion of mutation]
  9235 | D:6      | Gained mutation: You tend to lose your temper in combat.
                  | [potion of mutation]
  9235 | D:6      | Gained mutation: You are resistant to electric shocks.
                  | (rElec) [potion of mutation]
  9391 | D:6      | Found a hazy altar of Hepliaklqana.
  9573 | D:7      | Noticed a purple ugly thing
  9574 | D:7      | Found a transporter.
  9574 | D:7      | Noticed a red ugly thing
  9574 | D:7      | Noticed an ancient zyme
  9578 | D:7      | Noticed a green ugly thing
  9580 | D:7      | Found a corrupted altar of Lugonu.
  9740 | D:7      | Noticed Joseph
  9809 | D:8      | Noticed a hornet
  9825 | D:8      | Killed a hornet
  9903 | D:8      | Noticed a gargoyle
 10213 | D:8      | Slain by an orc warrior

Illustrated notes

Levels and vault maps discovered:
D:1:      eino_arrival_water_star, layout_basic, shapermc_ecumenical_altar_petra
D:2:      layout_rooms
D:3:      layout_basic, serial_shops,
          nicolae_shop_temple_entry_statues_fountains
D:4:      layout_basic, okawaru_trees_2, trog_book, serial_corexii_hall,
          chequers_hall_statues_y, corexii_hall_statues_t,
          chequers_hall_statues_corner_a, corexii_hall_statues_x,
          chequers_hall_statues_wall_a, corexii_hall_statues_deadend,
          minmay_circle_x
D:5:      layout_rooms, lemuel_round_altar, uniq_duvessa
D:6:      layout_loops_ring, mainiacjoe_overflow_alcove_4,
          mainiacjoe_overflow_alcove_2, temple_doors_e,
          hangedman_decor_riveting, minivault_10, uniq_crazy_yiuf_cottage
D:7:      gammafunk_corrupted_shrine, layout_basic, uniq_maggie, uniq_joseph
D:8:      minmay_inner_zag, layout_basic, uniq_erica, uniq_grum
Temple:   eino_temple_scatter_basement

Skill      XL: |  1  2  3  4  5  6  7  8 |
---------------+-------------------------+-----
Armour         | 1 2 3 4 |  4.0
Dodging        | 2 3 4 |  4.4
Maces & Flails | 3 4 5 7 |  7.4
Fighting       | 3 4 5 |  5.3
Shields        | 1 2 |  2.6
Throwing       | |  0.8
Spellcasting   | |  2.0
Translocations | |  3.0

Action                   |  1- 3 |  4- 6 |  7- 9 || total
-------------------------+-------+-------+-------++-------
Melee: Mace              |   110 |   131 |    66 ||   307
       Punch             |     1 |       |       ||     1
       Flail             |       |     7 |   163 ||   170
Throw: Boomerang         |     1 |     1 |     1 ||     3
 Cast: Blink             |       |       |     2 ||     2
 Abil: Spit Poison       |    26 |    49 |    63 ||   138
  Use: Scroll            |     2 |     4 |     5 ||    11
       Potion            |       |     1 |     6 ||     7
Armor: Leather armour    |    33 |    43 |    43 ||   119
       Steam dragon scal |       |       |    45 ||    45
Dodge: Dodged            |    64 |    87 |   141 ||   292
Block: Buckler           |     6 |    25 |    61 ||    92
       Kite shield       |       |       |    34 ||    34
